 Dungeon Crawl Stone Soup version 0.32-a0-711-g016ad743e0 (webtiles) character file.

Game seed: 5378798833696000337

15 runemasterragnar the Chiller (level 2, -1/18 HPs)
             Began as an Octopode Ice Elementalist on Mar 15, 2024.
             Frozen to death by an endoplasm (3 damage)
             ... on level 2 of the Dungeon.
             The game lasted 00:00:43 (785 turns).

runemasterragnar the Chiller (OpIE)                  Turns: 785, Time: 00:00:43

Health: -1/18      AC:  1    Str:  7    XL:     2   Next: 50%
Magic:  2/5        EV:  6    Int: 17    God:
Gold:   56         SH:  0    Dex: 12    Spells: 4/5 levels left

rFire   . . .        (no weapon)
rCold   . . .        (no shield)
rNeg    . . .        (helmet restricted)
rPois   .            (no amulet)
rElec   .            (no ring)
rCorr   .            (no ring)
SInv    .            (no ring)
Will    .....        (no ring)
Stlth   +++          (no ring)
HPRegen 0.23/turn    (no ring)
MPRegen 0.09/turn    (no ring)
                     (no ring)

%: no passive effects
@: held
A: almost no armour, amphibious, 8 rings, camouflage 1, gelatinous body 1,
(nimble swimmer 1), tentacles
a: no special abilities


You were on level 2 of the Dungeon.
You visited 1 branch of the dungeon, and saw 2 of its levels.

You collected 56 gold pieces.

Inventory:

Missiles
 d - 4 javelins
Scrolls
 b - a scroll of blinking {unknown}
 c - a scroll of fear {unknown}
Potions
 a - a potion of magic


   Skills:
 + Level 0.6 Fighting
 + Level 2.1 Dodging
 + Level 2.9 Stealth
 + Level 2.1 Spellcasting
 * Level 4.2 Ice Magic


You had 4 spell levels left.
You knew the following spells:

 Your Spells              Type           Power      Damage    Failure   Level
a - Freeze                Ice            64%        1d7       3%          1

Your spell library contained the following spells:

 Spells                   Type           Power      Damage    Failure   Level
 Frozen Ramparts          Ice            32%        1d5       10%         3
 Ozocubu's Armour         Ice            16%        N/A       10%         3
 Summon Ice Beast         Ice/Summ       9%         N/A       24%         3


Dungeon Overview and Level Annotations

Branches:
Dungeon (2/15)

Altars:


Innate Abilities, Weirdness & Mutations

You cannot wear most types of armour.
You are amphibious.
You can wear up to eight rings at the same time.
Your skin changes colour to match your surroundings (Stealth+).
Your rubbery body absorbs attacks. (AC +1, EV +1)
((You are camouflaged when in or above water. (Stealth+)))
You have tentacles for arms and can constrict up to eight enemies at once.


Message History

You constrict the ribbon worm. The endoplasm freezes you.
You are frozen.
The ribbon worm bites you!
* * * LOW HITPOINT WARNING * * *
The web tears apart.
You constrict the ribbon worm. The endoplasm hits you.
* * * LOW HITPOINT WARNING * * *
You release your grip on the ribbon worm.
There is a stone staircase leading up here.
Found a stone staircase leading up.
Casting: Freeze (safe; 3% risk of failure)
Confirm with . or Enter, or press ? or * to list all spells.
Aiming: Freeze (safe; 3% risk of failure)
Press: ? - help, Shift-Dir - straight line, f - ribbon worm
Aim: a ribbon worm (heavily wounded)
You freeze the ribbon worm.
The ribbon worm is heavily wounded.
The ribbon worm bites you.
* * * LOW HITPOINT WARNING * * *
Unknown command.
Casting: Freeze (safe; 3% risk of failure)
Confirm with . or Enter, or press ? or * to list all spells.
Aiming: Freeze (safe; 3% risk of failure)
Press: ? - help, Shift-Dir - straight line, f/p - ribbon worm
Aim: a ribbon worm (heavily wounded)
You freeze the ribbon worm.
The ribbon worm is heavily wounded.
The ribbon worm expels a string of sticky webbing.
The stream of webbing hits you but does no damage.
You are caught in a web!
Unknown command.
Casting: Freeze (safe; 3% risk of failure)
Confirm with . or Enter, or press ? or * to list all spells.
Aiming: Freeze (safe; 3% risk of failure)
Press: ? - help, Shift-Dir - straight line, f/p - ribbon worm
Aim: a ribbon worm (heavily wounded, catching its breath)
You freeze the ribbon worm.
The ribbon worm is severely wounded.
The endoplasm freezes you.
You are frozen.
You die...

. .# ..#
####### ...# #
#...#<#....#
#..#.#J#....$..
#...!$w@.......
##.#.####......
#. .##.. ## #


You could see a ribbon worm (catching breath) and an endoplasm.

Vanquished Creatures
  A dart slug (D:1)
  3 bats (D:1)
  An endoplasm (D:1)
  A goblin (D:1)
  3 hobgoblins (D:1)
  A kobold (D:1)
  A rat (D:1)
11 creatures vanquished.

Notes
Turn   | Place    | Note
-------+----------+-------------------------------------------
     0 | D:1      | runemasterragnar the Octopode Ice Elementalist began the
                  | quest for the Orb.
     0 | D:1      | Reached XP level 1. HP: 11/11 MP: 3/3
   338 | D:1      | Reached XP level 2. HP: 18/18 MP: 5/5
   785 | D:2      | Frozen to death by an endoplasm

Illustrated notes

Levels and vault maps discovered:
D:1:      eino_arrival_water_cross, layout_loops_cross, nrook_mini_backslash,
          grunt_decor_arrowhead, bh_walls_and_bars
D:2:      layout_basic, hellmonk_ecumenical_altar_blasted, basic_altar,
          chequers_serial_rivers_large_b

Action                     || total
---------------------------++-------
  Melee: Unarmed           ||    19
         Constrict         ||     9
         Tentacles         ||     5
   Cast: Freeze            ||     9
   Stab: Sleeping          ||     5
 Armour: Skin              ||    15
  Dodge: Dodged            ||     9

Table legend: (Time is in decaauts)
 A = Elapsed time spent in this place.
 B = Non-inter-level travel time spent in this place.
 C = Inter-level travel time spent in this place.
 D = Time resting spent in this place.
 E = Time spent auto-exploring this place.
 F = Levels seen in this place.
 G = Mean time per level.
                   A        B        C        D        E       F      G
               +--------+--------+--------+--------+--------+-----+--------+
         Total |    784 |    761 |     23 |     22 |    649 |   2 |  392.0 |
       Dungeon |    784 |    761 |     23 |     22 |    649 |   2 |  392.0 |
               +--------+--------+--------+--------+--------+-----+--------+

Top non-repeatable levels by time:
     D:1: 774 daAuts
     D:2: 10 daAuts
